 Dungeon Crawl Stone Soup version 0.31-a0-1300-gb6740aa4e6 (webtiles) character file.

Game seed: 14867646588018724392

93 Darkkill the Shooter (level 4, -2/38 HPs)
             Began as a Minotaur Hunter on Dec 18, 2023.
             Killed from afar by Sigmund (7 damage)
             ... with a magic dart
             ... on level 3 of the Dungeon.
             The game lasted 00:01:43 (2004 turns).

Darkkill the Shooter (Minotaur Hunter)              Turns: 2004, Time: 00:01:44

Health: -2/38      AC:  3    Str: 16    XL:     4   Next: 36%
Magic:  3/3        EV: 12    Int:  6    God:
Gold:   101        SH:  0    Dex: 15    Spells: 3/3 levels left

rFire   . . .        a - +0 shortbow
rCold   . . .        (shield currently unavailable)
rNeg    . . .        c - +0 leather armour
rPois   .            (helmet restricted)
rElec   .            e - scarf {harm}
rCorr   .            (no gloves)
SInv    .            (no boots)
Will    .....        (no amulet)
Stlth   ++           (no ring)
HPRegen 0.26/turn    (no ring)
MPRegen 0.08/turn

%: harm (+30% outgoing, +20% incoming)
@: no status effects
A: horns 2, retaliatory headbutt
a: no special abilities


You were on level 3 of the Dungeon.
You visited 1 branch of the dungeon, and saw 3 of its levels.

You collected 101 gold pieces.

Inventory:

Hand Weapons
 a - a +0 shortbow (weapon)
Missiles
 h - 10 stones
Armour
 c - a +0 leather armour (worn)
 e - a scarf of harm (worn)
Scrolls
 b - a scroll of butterflies
 d - a scroll of revelation
 g - 2 scrolls of identify {@r1}
Potions
 f - 2 potions of heal wounds
 i - a potion of enlightenment {unknown}
 j - a potion of curing {@q1}
 k - a potion of mutation {unknown}


   Skills:
 + Level 3.5 Fighting
 + Level 5.0 Ranged Weapons
 + Level 3.1 Dodging
 + Level 2.0 Stealth


You had 3 spell levels left.
You didn't know any spells.
Your spell library was empty.

Dungeon Overview and Level Annotations

Branches:
Dungeon (3/15)

Altars:

Annotations:
D:3 Sigmund


Innate Abilities, Weirdness & Mutations

You have a pair of horns on your head.
You reflexively headbutt those who attack you in melee.


Message History

You kill the rat!
Found a stone staircase leading down.
No target in view!
Found a rapier.
No target in view!
An endoplasm comes into view.
You shoot an arrow. The arrow hits the endoplasm.
The endoplasm quivers.
The endoplasm is moderately wounded.
The endoplasm closely misses you. You furiously retaliate!
You headbutt the endoplasm.
An endoplasm is nearby!
An endoplasm is nearby!
You shoot an arrow. The arrow barely misses the endoplasm.
The endoplasm freezes you.
You are frozen.
You shoot an arrow. The arrow hits the endoplasm.
The endoplasm is almost dead.
The endoplasm freezes you.
You are frozen.
An endoplasm is nearby!
You shoot an arrow. The arrow hits the endoplasm.
You kill the endoplasm!
Your Ranged Weapons skill increases to level 5!
HP restored.
You shoot an arrow.
The arrow barely misses the giant cockroach.
A giant cockroach is nearby!
You shoot an arrow.
The arrow closely misses the giant cockroach.
A giant cockroach is nearby!
You shoot an arrow. The arrow hits the giant cockroach.
You kill the giant cockroach!
Your Stealth skill increases to level 2!
A quokka comes into view.
Found a sling.
A quokka is nearby!
You shoot an arrow. The arrow hits the quokka.
You kill the quokka!
Sigmund the Dreaded comes into view.
He is wielding a +0 scythe.
Fire: a) +0 shortbow
Press: ? - help, Q - select action, (/) - cycle Shift-Dir - straight line, f - Sigmund
Aim: Sigmund, wielding a +0 scythe and wearing a +0 robe (58% to hit)
You shoot an arrow. The arrow closely misses Sigmund.
Fire: a) +0 shortbow
Press: ? - help, Q - select action, (/) - cycle Shift-Dir - straight line, f/p - Sigmund
Aim: Sigmund, wielding a +0 scythe and wearing a +0 robe (58% to hit)
You shoot an arrow. The arrow barely misses Sigmund.
Fire: a) +0 shortbow
Press: ? - help, Q - select action, (/) - cycle Shift-Dir - straight line, f/p - Sigmund
Aim: Sigmund, wielding a +0 scythe and wearing a +0 robe (58% to hit)
You shoot an arrow. The arrow barely misses Sigmund.
Sigmund casts a spell at you. The magic dart hits you!
Sigmund points at you and mumbles some strange words.
You resist with some effort.
Fire: a) +0 shortbow
Press: ? - help, Q - select action, (/) - cycle Shift-Dir - straight line, f/p - Sigmund
Aim: Sigmund, wielding a +0 scythe and wearing a +0 robe (58% to hit)
You shoot an arrow. The arrow closely misses Sigmund.
Fire: a) +0 shortbow
Press: ? - help, Q - select action, (/) - cycle Shift-Dir - straight line, f/p - Sigmund
Aim: Sigmund, wielding a +0 scythe and wearing a +0 robe (58% to hit)
You shoot an arrow.
The arrow hits Sigmund but does no damage.
Fire: a) +0 shortbow
Press: ? - help, Q - select action, (/) - cycle Shift-Dir - straight line, f/p - Sigmund
Aim: Sigmund, wielding a +0 scythe and wearing a +0 robe (58% to hit)
You shoot an arrow. The arrow hits Sigmund!
Sigmund is moderately wounded.
Sigmund barely misses you.
Fire: a) +0 shortbow
Press: ? - help, Q - select action, (/) - cycle Shift-Dir - straight line, f/p - Sigmund
Aim: Sigmund, wielding a +0 scythe and wearing a +0 robe (moderately wounded, 58% to hit)
You shoot an arrow. The arrow hits Sigmund.
Sigmund is heavily wounded.
Sigmund hits you from afar with a +0 scythe.
Fire: a) +0 shortbow
Press: ? - help, Q - select action, (/) - cycle Shift-Dir - straight line, f/p - Sigmund
Aim: Sigmund, wielding a +0 scythe and wearing a +0 robe (heavily wounded, 58% to hit)
You shoot an arrow. The arrow hits Sigmund.
Sigmund is heavily wounded.
Sigmund casts a spell at you. The puff of flame hits you.
Fire: a) +0 shortbow
Press: ? - help, Q - select action, (/) - cycle Shift-Dir - straight line, f/p - Sigmund
Aim: Sigmund, wielding a +0 scythe and wearing a +0 robe (heavily wounded, 58% to hit)
You shoot an arrow. The arrow hits Sigmund.
Sigmund is severely wounded.
Sigmund hits you from afar with a +0 scythe!
* * * LOW HITPOINT WARNING * * *
Fire: a) +0 shortbow
Press: ? - help, Q - select action, (/) - cycle Shift-Dir - straight line, f/p - Sigmund
Aim: Sigmund, wielding a +0 scythe and wearing a +0 robe (severely wounded, 58% to hit)
You shoot an arrow. The arrow hits Sigmund.
Sigmund is almost dead.
Sigmund points at you and mumbles some strange words.
The magic dart hits you.
You die...
Sigmund begins carving another notch in his scythe.

.>...).........
..................
.............###.#.
.....#.......###.#.
<###....#..#...... .#
###........##.######
.# ##..#....##@#....
.# #....#.......# .#
#....#.##.@.# .#
####....#......#
.###...........#.##
.....##[###....#...
..#####†# #..#...#.#
.######.###..........
.....##.....####).#...
.....##.##### #...###.
........#### .#.#


You could see Sigmund.

Vanquished Creatures
  Robin (D:2)
  2 adders (D:3)
  4 dart slugs (D:3)
  An orc (D:3)
  5 bats
  5 endoplasms
  2 giant cockroaches
  10 goblins
  6 hobgoblins
  4 quokkas
  4 ball pythons
  A frilled lizard (D:1)
  4 kobolds
  2 rats
51 creatures vanquished.

Notes
Turn   | Place    | Note
-------+----------+-------------------------------------------
     0 | D:1      | Darkkill the Minotaur Hunter began the quest for the Orb.
     0 | D:1      | Reached XP level 1. HP: 18/18 MP: 0/0
   175 | D:1      | Reached skill level 1 in Stealth
   332 | D:1      | Reached XP level 2. HP: 25/25 MP: 1/1
   937 | D:2      | Noticed Robin
   949 | D:2      | Killed Robin
   950 | D:2      | Reached XP level 3. HP: 30/31 MP: 2/2
   983 | D:2      | Found a faded altar of an unknown god.
  1726 | D:3      | Reached XP level 4. HP: 38/38 MP: 3/3
  1947 | D:3      | Reached skill level 5 in Ranged Weapons
  1994 | D:3      | Noticed Sigmund
  2003 | D:3      | HP: 5/38 [Sigmund/+0 scythe (14)]
  2004 | D:3      | Killed from afar by Sigmund

Illustrated notes

Levels and vault maps discovered:
D:1:      lightli_arrival_chessboard, layout_loops_corners
D:2:      layout_loops_ring, shapermc_ecumenical_altar_mp_ritualfount,
          grunt_decor_fettered, uniq_robin
D:3:      layout_rooms, minmay_tree_intersection, grunt_decor_cap,
          kennysheep_boxes, uniq_sigmund

Skill      XL: |  1  2  3  4 |
---------------+-------------+-----
Stealth        | 1 2 |  2.0
Fighting       | 3 |  3.5
Dodging        | 3 |  3.1
Ranged Weapons | 5 |  5.0

Action                     |  1- 3 |  4- 6 || total
---------------------------+-------+-------++-------
   Fire: Shortbow          |   112 |    48 ||   160
    Use: Scroll            |     3 |       ||     3
 Armour: Leather armour    |    26 |    11 ||    37
  Dodge: Dodged            |    32 |    11 ||    43

Table legend: (Time is in decaauts)
 A = Elapsed time spent in this place.
 B = Non-inter-level travel time spent in this place.
 C = Inter-level travel time spent in this place.
 D = Time resting spent in this place.
 E = Time spent auto-exploring this place.
 F = Levels seen in this place.
 G = Mean time per level.
                   A        B        C        D        E       F      G
               +--------+--------+--------+--------+--------+-----+--------+
         Total |   2036 |   1907 |    129 |      0 |   1603 |   3 |  678.7 |
       Dungeon |   2036 |   1907 |    129 |      0 |   1603 |   3 |  678.7 |
               +--------+--------+--------+--------+--------+-----+--------+

Top non-repeatable levels by time:
     D:1: 883 daAuts
     D:2: 806 daAuts
     D:3: 346 daAuts

Levels and vault maps discovered:
D:1:      lightli_arrival_chessboard, layout_loops_corners
D:2:      layout_loops_ring, shapermc_ecumenical_altar_mp_ritualfount,
          grunt_decor_fettered, uniq_robin
D:3:      layout_rooms, minmay_tree_intersection, grunt_decor_cap,
          kennysheep_boxes, uniq_sigmund

Table legend: (Time is in decaauts)
 A = Elapsed time spent in this place.
 B = Non-inter-level travel time spent in this place.
 C = Inter-level travel time spent in this place.
 D = Time resting spent in this place.
 E = Time spent auto-exploring this place.
 F = Levels seen in this place.
 G = Mean time per level.
                   A        B        C        D        E       F      G
               +--------+--------+--------+--------+--------+-----+--------+
         Total |   2036 |   1907 |    129 |      0 |   1603 |   3 |  678.7 |
       Dungeon |   2036 |   1907 |    129 |      0 |   1603 |   3 |  678.7 |
               +--------+--------+--------+--------+--------+-----+--------+

Top non-repeatable levels by time:
     D:1: 883 daAuts
     D:2: 806 daAuts
     D:3: 346 daAuts

Table legend:
 A = Kills in this place as a percentage of kills in the entire game.
 B = Kills by you in this place as a percentage of kills by you in the entire game.
 C = Kills by friends in this place as a percentage of kills by friends in the entire game.
 D = Other kills in this place as a percentage of other kills in the entire game.
 E = Experience gained in this place as a percentage of experience gained in the entire game.
 F = Experience gained in this place divided by the number of levels of this place that you have seen.
                   A       B       C       D       E      F
               +-------+-------+-------+-------+-------+----------------------
         Total | 100.0 | 100.0 |   N/A |   N/A | 100.0 |  44.3
       Dungeon | 100.0 | 100.0 |   N/A |   N/A | 100.0 |  44.3
               +-------+-------+-------+-------+-------+----------------------
